 Dungeon Crawl Stone Soup version 0.31-a0-986-g5e6e4ef867 (webtiles) character file.

Game seed: 5298874440177871616

2522 soylentgreeen202 the Basher (level 9, -3/84 HPs)
             Began as an Ogre Cinder Acolyte on Oct 26, 2023.
             Was a Priest of Ignis.
             Slain by an orc warrior
             ... wielding a +0 bardiche
              (4 damage)
             ... in a bailey on Nov 10, 2023.
             The game lasted 00:39:07 (8770 turns).

soylentgreeen202 the Basher (Ogre Cinder Acolyte)   Turns: 8770, Time: 00:39:07

Health: -3/84      AC:  6    Str: 20    XL:     9   Next: 54%
Magic:  10/10      EV: 21    Int: 15    God:    Ignis [***...]
Gold:   489        SH: 13    Dex:  8    Spells: 8/10 levels left

rFire   + . .        k - +4 flail (spect)
rCold   . . .        p - +1 tower shield
rNeg    . . .        b - +0 robe
rPois   .            (helmet restricted)
rElec   .            v - +2 cloak {rCorr}
rCorr   +            (gloves unavailable)
SInv    .            (boots unavailable)
Will    +....        h - amulet of the acrobat
Stlth   +            e - ring of willpower
HPRegen 0.34/turn    (no ring)
MPRegen 0.12/turn

%: acrobat
@: acrobatic
A: large, unfitting armour, tough skin 1
a: Renounce Religion, Fiery Armour, Foxfire Swarm


You were in a bailey.
You worshipped Ignis.
Ignis was most pleased with you.
You visited 1 branch of the dungeon, and saw 7 of its levels.
You also visited: Sewer and Bailey.

You collected 489 gold pieces.

Inventory:

Hand Weapons
 k - a +4 spectral flail (weapon)
Armour
 b - a +0 robe (worn)
 p - a +1 tower shield (worn)
 v - a +2 cloak of preservation (worn)
Magical Staves
 y - a staff of earth
Jewellery
 e - a ring of willpower (left hand)
 h - an amulet of the acrobat (around neck)
Wands
 a - a wand of digging (3)
 n - a wand of polymorph (7)
Scrolls
 i - 2 scrolls of torment
 m - a scroll of silence
 s - 2 scrolls of teleportation {unknown}
 x - a scroll of amnesia {unknown}
 z - a scroll of butterflies {unknown}
Potions
 c - a potion of cancellation
 d - a potion of haste
 g - a potion of berserk rage {unknown}
 j - 6 potions of curing {unknown}
 l - 2 potions of attraction {unknown}
 o - 2 potions of degeneration {unknown}
 q - 3 potions of might
 r - a potion of ambrosia {unknown}
 t - 2 potions of mutation {unknown}
 u - 8 potions of heal wounds {unknown}
 w - a potion of invisibility {unknown}
 A - 2 potions of resistance


   Skills:
 - Level 4.0 Fighting
 - Level 6.0(10.2) Axes
 + Level 11.7(12.2) Maces & Flails
 - Level 0.2 Dodging
 - Level 0.1 Stealth
 - Level 6.0 Shields
 - Level 1.2 Spellcasting
 - Level 2.6 Fire Magic


You had 8 spell levels left.
You knew the following spells:

 Your Spells              Type           Power      Damage    Failure   Level
a - Scorch                Fire           16%        2d5       58%         2

Your spell library contained the following spells:

 Spells                   Type           Power      Damage    Failure   Level
 Slow                     Hex            0%         N/A       83%         1
 Blink                    Tloc           0%         N/A       92%         2
 Wereblood                Tmut           0%         N/A       92%         2
 Confusing Touch          Hex            0%         N/A       99%         3
 Sigil of Binding         Hex            0%         N/A       99%         3
 Vampiric Draining        Necr           0%         2d6       99%         3
 Manifold Assault         Tloc           0%         N/A       100%        4
 Irradiate                Conj/Tmut      0%         3d11      100%        5


Dungeon Overview and Level Annotations

Branches:
Dungeon (7/15)             Temple (0/1) D:4           Sewer (visited)
 Bailey (1/1)

Altars:
Cheibriados
Dithmenos
Kikubaaqudgha
Makhleb
Nemelex Xobeh
Qazlal
Sif Muna
Uskayaw
Zin
The Shining One


Innate Abilities, Weirdness & Mutations

You are too large for most types of armour.
You have tough skin. (AC +1)


Message History

The orc barely misses you.
You sock the orc!
You kill the orc!
The orc warrior hits you from afar with a +0 glaive!
The orc warrior barely misses you. The orc barely misses you.
The orc warrior hits you from afar with a +0 glaive!
The orc warrior attacks as it pursues you!
You block the orc warrior's attack.
The orc hits you from afar with a +0 halberd.
The orc warrior barely misses you.
You barely miss the orc warrior.
Your +4 spectral flail completely misses the orc warrior.
You block the orc warrior's attack. You block the orc's attack.
You block the orc warrior's attack.
You sock the orc warrior!
The orc warrior is moderately wounded.
Your +4 spectral flail hits the orc warrior.
You block the orc warrior's attack. You block the orc's attack.
The orc misses your +4 spectral flail.
The orc hits you with a +0 hand axe. The orc closely misses you.
The orc warrior hits you from afar with a +0 glaive.
The orc warrior hits you from afar with a +0 trident.
You completely miss the orc warrior.
The orc warrior is heavily wounded.
Your +4 spectral flail misses the orc warrior.
You block the orc warrior's attack. The orc hits you with a +0 war axe!
The orc closely misses your +4 spectral flail.
You block the orc's attack.
The orc hits you from afar with a +0 halberd.
The orc warrior hits you from afar with a +0 trident!
The orc warrior hits you from afar with a +0 glaive!!
* * * LOW HITPOINT WARNING * * *
The orc warrior hits you with a +0 bardiche!
* * * LOW HITPOINT WARNING * * *
You swap places.
Your +4 spectral flail disappears.
The orc misses you. The orc attacks as it pursues you!
You block the orc's attack.
The orc warrior hits you with a +0 bardiche.
You die... #. ... .# #.......# #..#.#..# #..#8#..# #.......# #.ooo.# ###o### #ooo#

#.@.#
#...#
#...#
###'###
##.....##
#.......#
#.......#
#.......#
#..#.#.)#


You could see 3 orc warriors and 4 orcs.

Vanquished Creatures
  Grinder (Sewer)
  Sigmund (D:5)
  5 yaks (D:6)
  3 black bears
  2 ogres (D:5)
  A centaur (D:6)
  A scorpion (D:6)
  2 bullfrogs (D:6)
  A necrophage (Sewer)
  2 wights (Sewer)
  2 orc priests (D:7)
  4 hounds (D:6)
  A jelly (D:4)
  2 iguanas
  2 orc wizards
  10 adders
  5 shadow imps
  3 worms
  3 dart slugs
  18 orcs
  4 endoplasms
  6 giant cockroaches
  11 goblins
  6 hobgoblins
  2 quokkas
  9 ball pythons
  6 bats
  2 frilled lizards
  32 kobolds
  11 rats
158 creatures vanquished.

Vanquished Creatures (others)
  35 foxfires
35 creatures vanquished.

Grand Total: 193 creatures vanquished

Notes
Turn   | Place    | Note
-------+----------+-------------------------------------------
     0 | D:1      | soylentgreeen202 the Ogre Cinder Acolyte began the quest
                  | for the Orb.
     0 | D:1      | Reached XP level 1. HP: 24/24 MP: 2/2
     0 | D:1      | Upgraded the game from 0.31-a0-965-g8a8ce12e04 to
                  | 0.31-a0-986-g5e6e4ef867
   262 | D:1      | Reached XP level 2. HP: 32/32 MP: 3/3
  1412 | D:2      | Reached XP level 3. HP: 34/39 MP: 4/4
  1550 | D:2      | Found a faded altar of an unknown god.
  1947 | D:2      | Reached XP level 4. HP: 46/48 MP: 5/5
  2162 | D:3      | Found a stormy altar of Qazlal.
  2279 | D:3      | Reached skill level 5 in Axes
  2324 | D:3      | Found a glowing drain.
  2328 | Sewer    | Entered a sewer
  2832 | Sewer    | Reached XP level 5. HP: 38/54 MP: 6/6
  2842 | Sewer    | Learned a level 2 spell: Scorch
  2923 | Sewer    | Found an ancient bone altar of Kikubaaqudgha.
  3208 | Sewer    | Noticed Grinder
  3232 | Sewer    | Killed Grinder
  3233 | Sewer    | Reached XP level 6. HP: 54/62 MP: 7/7
  3275 | Sewer    | Reached XP level 7. HP: 67/70 MP: 8/8
  3696 | D:3      | Found a shadowy altar of Dithmenos.
  4314 | D:3      | Reached skill level 5 in Shields
  4383 | D:3      | Found a shimmering blue altar of Sif Muna.
  4803 | D:4      | Identified a scroll of acquirement
  4803 | D:4      | Acquired a manual of Maces & Flails
  5020 | D:4      | Found a staircase to the Ecumenical Temple.
  5049 | D:4      | Identified the +9 short sword of Vengeance {freeze, Str+3}
  5207 | D:4      | Found a glowing silver altar of Zin.
  5209 | D:4      | Found a glowing golden altar of the Shining One.
  5406 | D:4      | Found an ancient bone altar of Kikubaaqudgha.
  5406 | D:4      | Found a hide-covered altar of Uskayaw.
  5537 | D:5      | Entered Level 5 of the Dungeon
  5549 | D:5      | HP: 1/70 [iguana (8)]
  5797 | D:5      | Reached skill level 1 in Maces & Flails
  6099 | D:5      | Found a snail-covered altar of Cheibriados.
  6183 | D:4      | Reached skill level 3 in Maces & Flails
  6188 | D:5      | Noticed Sigmund
  6192 | D:5      | Killed Sigmund
  6193 | D:5      | Reached skill level 5 in Maces & Flails
  6193 | D:5      | Reached XP level 8. HP: 78/78 MP: 9/9
  6256 | D:5      | Reached skill level 6 in Maces & Flails
  6476 | D:6      | Reached skill level 7 in Maces & Flails
  6508 | D:6      | Identified the +0 flail "Qimoaji" {heavy, *Slow Dex+6}
  6515 | D:6      | Reached skill level 8 in Maces & Flails
  6994 | D:6      | Found a sparkling altar of Nemelex Xobeh.
  7200 | D:6      | Found a burning altar of Makhleb.
  7207 | D:6      | Reached skill level 9 in Maces & Flails
  7238 | D:6      | Noticed a yak
  7238 | D:6      | Noticed a yak
  7239 | D:6      | Noticed a yak
  7510 | D:6      | Noticed a yak
  7510 | D:6      | Noticed a yak
  7534 | D:6      | Killed a yak
  7535 | D:6      | Reached skill level 10 in Maces & Flails
  7535 | D:6      | Reached XP level 9. HP: 63/84 MP: 10/10
  7671 | D:6      | Reached skill level 11 in Maces & Flails
  7677 | D:6      | HP: 3/84 [yak (10)]
  8249 | D:7      | Found a flagged portal.
  8467 | Bailey   | Entered a bailey
  8769 | Bailey   | HP: 1/84 [orc warrior/+0 bardiche (12)]
  8770 | Bailey   | Slain by an orc warrior

Illustrated notes

Levels and vault maps discovered:
D:1:      heliophobic_arrival_glass_houses, layout_basic
D:2:      layout_loops_ring, nicolae_ecumenical_snake_handling, minivault_26
D:3:      minmay_octagon_keep, layout_basic, mainiacjoe_overflow_alcove_2,
          nicolae_dithmenos_the_darkroom, mainiacjoe_overflow_24_doors,
          gup_sewer_entry_spiral
D:4:      layout_gridville, jmf_multi_god_temple,
          gammafunk_temple_overflow_pools, minmay_temple_entry_enclosed_plants,
          serial_park_tiny_2, uniq_grinder
D:5:      black_bear_nest_1, layout_rooms, mainiacjoe_overflow_six_doors_small,
          uniq_sigmund
D:6:      layout_loops_corners, overflow_temple_1_default, lemuel_tele_altar
D:7:      layout_rooms, marbit_many_paths, enter_bailey_5, uniq_joseph
Bailey:   bailey_polearm_5, bailey

Skill      XL: |  1  2  3  4  5  6  7  8  9 |
---------------+----------------------------+-----
Axes           | 4 5 6 |  6.0
Shields        | 3 4 6 |  6.0
Maces & Flails | 5 10 11 | 11.7
Fighting       | |  4.0
Dodging        | |  0.2
Stealth        | |  0.1
Spellcasting   | |  1.2
Fire Magic     | |  2.6

Action                     |  1- 3 |  4- 6 |  7- 9 || total
---------------------------+-------+-------+-------++-------
  Melee: Hand axe          |   121 |   134 |   113 ||   368
         Punch             |     1 |       |       ||     1
         Flail             |       |       |   161 ||   161
 Invoke: Fiery Armour      |       |     2 |       ||     2
         Foxfire Swarm     |       |       |     2 ||     2
         Rising Flame      |       |       |     1 ||     1
    Use: Scroll            |       |     3 |    12 ||    15
   Stab: Sleeping          |       |     1 |       ||     1
 Armour: Robe              |    80 |    86 |   169 ||   335
  Dodge: Dodged            |    70 |    66 |   103 ||   239
  Block: Tower shield      |       |       |   201 ||   201

Table legend: (Time is in decaauts)
 A = Elapsed time spent in this place.
 B = Non-inter-level travel time spent in this place.
 C = Inter-level travel time spent in this place.
 D = Time resting spent in this place.
 E = Time spent auto-exploring this place.
 F = Levels seen in this place.
 G = Mean time per level.
                   A        B        C        D        E       F      G
               +--------+--------+--------+--------+--------+-----+--------+
         Total |   8848 |   8345 |    503 |   2284 |   3699 |   9 |  983.1 |
       Dungeon |   7317 |   6814 |    503 |   1290 |   3579 |   7 | 1045.3 |
         Sewer |   1228 |   1228 |      0 |    770 |    120 |   1 | 1228.0 |
        Bailey |    303 |    303 |      0 |    224 |      0 |   1 |  303.0 |
               +--------+--------+--------+--------+--------+-----+--------+

Top non-repeatable levels by time:
     D:6: 1670 daAuts
     D:3: 1288 daAuts
   Sewer: 1228 daAuts
     D:1: 1227 daAuts
     D:5: 1037 daAuts
     D:2: 1032 daAuts
     D:4: 1031 daAuts
  Bailey: 303 daAuts
     D:7: 29 daAuts
